 Dungeon Crawl Stone Soup version 0.26.1-2-gb8aa6d0cf2 (webtiles) character file.

Game seed: 4905298736858282163

4988 Phaedo the Frost Mage (level 10, 0/63 HPs)
             Began as a Barachi Ice Elementalist on Mar 18, 2021.
             Was a Priest of Sif Muna.
             Succumbed to a queen ant's poison
             ... on level 8 of the Dungeon.
             The game lasted 00:46:34 (12648 turns).

Phaedo the Frost Mage (Barachi Ice Elementalist)   Turns: 12648, Time: 00:46:34

Health: 0/63       AC:  6    Str: 11    XL:     10   Next: 54%
Magic:  16/19      EV: 16    Int: 19    God:    Sif Muna [***...]
Gold:   324        SH:  5    Dex: 13    Spells: 10/21 levels left

rFire    x . .     SeeInvis .   t - +4 long sword
rCold    + . .     Faith    .   (no shield)
rNeg     . . .     Spirit   .   k - +0 leather armour
rPois    .         Reflect  +   m - +1 helmet
rElec    .         Harm     .   s - +0 cloak
rCorr    .         Rampage  .   (no gloves)
Will     +....                  (no boots)
Stlth    +++.......             f - amulet of reflection
HPRegen  0.20/turn              j - ring of ice
MPRegen  0.16/turn              u - ring of willpower

@: lethally poisoned (0 -> -2), slow
A: +LOS, swims, slowness 1, strong 1, no potion heal 1, subdued magic 1, strong
legs 1
a: Hop, Renounce Religion, Channel Magic, Forget Spell


You were on level 8 of the Dungeon.
You worshipped Sif Muna.
Sif Muna was most pleased with you.
You visited 1 branch of the dungeon, and saw 8 of its levels.
You also visited: Sewer.

You collected 324 gold pieces.

Inventory:

Hand Weapons
 d - a +0 club
 r - a +5 mace
 t - a +4 long sword (weapon)
 x - a +0 trident
 y - a +0 great sword
 C - a +5 falchion
 J - a +2 dagger of venom
Missiles
 b - 147 bolts
 e - 65 poisoned darts
 n - 10 boomerangs (quivered)
 o - 206 stones
 E - 2 javelins
Armour
 a - a +0 robe
 k - a +0 leather armour (worn)
 m - a +1 helmet (worn)
 s - a +0 cloak (worn)
Jewellery
 f - an amulet of reflection (around neck)
 j - a ring of ice (left hand)
 u - a ring of willpower (right hand)
Wands
 v - a wand of polymorph (9)
 H - a wand of acid (4)
 I - a wand of iceblast (7)
Scrolls
 g - 5 scrolls of identify
 h - 9 scrolls of teleportation
 i - 2 scrolls of magic mapping
 l - a scroll of enchant armour
 A - a scroll of fear {unknown}
 B - a scroll of amnesia {unknown}
 F - a scroll of random uselessness {unknown}
 K - a scroll of remove curse
 L - a scroll of summoning {unknown}
Potions
 p - a potion of invisibility
 q - a potion of might
 w - 3 potions of haste
 z - 5 potions of attraction
 G - 4 potions of flight


   Skills:
 * Level 5.6 Long Blades
 - Level 1.0 Throwing
 + Level 8.1 Dodging
 - Level 7.0 Stealth
 - Level 6.0 Spellcasting
 + Level 5.9 Summonings
 + Level 10.0 Ice Magic


You had 10 spell levels left.
You knew the following spells:

 Your Spells              Type           Power        Failure   Level
a - Freeze                Ice            100%         1%          1
b - Frozen Ramparts       Ice            100%         1%          3
c - Ozocubu's Armour      Ice            50%          1%          3
d - Summon Ice Beast      Ice/Summ       41%          4%          4

Your spell library contained the following spells:

 Spells                   Type           Power        Failure   Level
 Beastly Appendage        Tmut           8%           12%         1
 Hailstorm                Conj/Ice       28%          16%         4
 Ice Form                 Ice/Tmut       28%          16%         4
 Wereblood                Tmut           4%           19%         2
 Spider Form              Tmut/Pois      2%           36%         3
 Blade Hands              Tmut           2%           98%         5


Dungeon Overview and Level Annotations

Branches:
Dungeon (8/15)             Temple (0/1) D:7           Sewer (visited)
   Lair: D:8-11

Altars:
Elyvilon
Gozag
Hepliaklqana
Kikubaaqudgha
Okawaru
Qazlal
Ru
Sif Muna
Trog
Xom
The Shining One

Shops:
D:6 ?

Annotations:
D:5 2 transporters, lysyklops's ghost, novice OpCj


Innate Abilities, Weirdness & Mutations

You can be seen from farther away. (+LOS)
You can swim through water.
You cover ground slowly.
You can hop short distances.
Your muscles are strong. (Str +2)
Potions are less effective at restoring your health.
Your spells are a little easier to cast, but a little less powerful.


Message History

Your ice beast disappears in a puff of smoke!
Okay, then.
Your icy armour cracks and falls away as you move.
* * * LOW HITPOINT WARNING * * *
You feel sick.
* * * LOW HITPOINT WARNING * * *
You feel sick.
* * * LOW HITPOINT WARNING * * *
You feel sick.
* * * LOW HITPOINT WARNING * * *
You feel sick.
* * * LOW HITPOINT WARNING * * *
You feel sick.
* * * LOW HITPOINT WARNING * * *
You feel sick.
* * * LOW HITPOINT WARNING * * *
You feel sick.
* * * LOW HITPOINT WARNING * * *
You feel sick.
You die...

....####...... ......
....#.#.......##....#
.....#....#...#...... ### /
..................... ##.##..
###..................#..###...†#
..#.................###.##....#.#
....# ...............##.#.....# .
#.# ##......................#.#
#.#####...>.....@....†.........#
#...............(####.####....##
#.#.....#.#.....## ### #.....#
..#.....###...#..# ### #....#.#
.####.#..##.###..###.#####....#.#
.# ##..##..# #........#.#....# .
.### ##..##.# ##..............# #
...# #......## ##.<....###.....
..#####....#.####......# ##..##


There were no monsters in sight!

Vanquished Creatures
  A queen ant (D:8)
  A gargoyle (D:8)
  Sigmund (D:2)
  Menkaure (D:6)
  3 soldier ants (D:8)
  An ice beast (D:6)
  An orc warrior (D:6)
  5 necrophages (D:7)
  2 ogres
  3 centaurs (D:6)
  2 bullfrogs
  A wyvern zombie (D:7)
  A scorpion (D:6)
  12 wights
  3 howler monkeys
  A bullfrog zombie (D:7)
  Crazy Yiuf (D:2)
  2 orc priests (D:6)
  2 centaur skeletons
  3 hounds
  A jelly (D:5)
  2 bullfrog skeletons (D:5)
  7 orc wizards
  3 iguanas
  A merfolk avatar (Sewer)
  2 merfolk sirens (Sewer)
  13 worker ants
  A killer bee zombie (D:7)
  4 gnolls (D:5)
  A howler monkey skeleton (D:4)
  16 adders
  A river rat (Sewer)
  A shadow imp (D:8)
  4 white imps
  2 ufetubi (D:5)
  2 oozes
  2 worms (D:3)
  An adder skeleton (D:6)
  3 dart slugs (D:1)
  10 leopard geckos
  20 orcs
  6 giant cockroaches
  11 goblins
  7 hobgoblins
  5 jackals
  6 quokkas
  6 ball pythons
  7 bats
  5 frilled lizards
  5 kobolds
  A quokka skeleton (D:7)
  2 quokka zombies
  28 rats
233 creatures vanquished.

Vanquished Creatures (collateral kills)
  2 soldier ants (D:8)
  A necrophage (D:7)
  2 wights (D:7)
  A nameless horror (D:7)
  2 worker ants (D:8)
  A quokka (D:7)
9 creatures vanquished.

Vanquished Creatures (others)
  An orc wizard (D:6)
  A withered plant (D:7)
2 creatures vanquished.

Grand Total: 244 creatures vanquished

Notes
Turn   | Place    | Note
-------+----------+-------------------------------------------
     0 | D:1      | Phaedo the Barachi Ice Elementalist began the quest for the
                  | Orb.
     0 | D:1      | Reached XP level 1. HP: 13/13 MP: 3/3
    26 | D:1      | Reached skill level 5 in Ice Magic
    53 | D:1      | Reached XP level 2. HP: 4/19 MP: 0/5
   477 | D:1      | Reached XP level 3. HP: 9/24 MP: 2/6
   761 | D:1      | Reached skill level 1 in Throwing
  1092 | D:1      | Learned a level 3 spell: Frozen Ramparts
  1175 | D:2      | Found an iron altar of Okawaru.
  1389 | D:2      | Reached XP level 4. HP: 30/30 MP: 5/8
  1464 | D:2      | Noticed Sigmund
  1474 | D:2      | Killed Sigmund
  1475 | D:2      | Reached skill level 6 in Ice Magic
  1475 | D:2      | Reached XP level 5. HP: 28/35 MP: 3/10
  1478 | D:2      | Reached XP level 6. HP: 33/41 MP: 3/11
  1731 | D:2      | Found an ancient bone altar of Kikubaaqudgha.
  1820 | D:2      | Found a shimmering blue altar of Sif Muna.
  2147 | D:2      | Learned a level 3 spell: Ozocubu's Armour
  2157 | D:2      | Found a runed translucent door.
  2158 | D:2      | Noticed Crazy Yiuf
  2422 | D:2      | Killed Crazy Yiuf
  3827 | D:4      | Reached XP level 7. HP: 32/46 MP: 2/13
  4166 | D:4      | You fall into a shaft and drop 1 floor!
  4166 | D:5      | Entered Level 5 of the Dungeon
  4177 | D:5      | Reached skill level 7 in Ice Magic
  4652 | D:4      | Found a shimmering altar of Xom.
  4740 | D:2      | Became a worshipper of Sif Muna the Loreminder
  4800 | D:4      | Reached skill level 5 in Dodging
  4924 | D:4      | Found a sacrificial altar of Ru.
  5245 | D:5      | Reached XP level 8. HP: 52/52 MP: 13/15
  5589 | D:5      | Found a bloodstained altar of Trog.
  5751 | D:5      | Noticed lysyklops's ghost (novice OpCj)
  5755 | D:5      | Found a transporter.
  5797 | D:5      | Found a transporter.
  6108 | D:5      | Found a white marble altar of Elyvilon.
  6746 | D:5      | Reached skill level 5 in Spellcasting
  6899 | D:5      | Found an iron altar of Okawaru.
  7059 | D:6      | Found a stormy altar of Qazlal.
  7468 | D:6      | Found a shimmering altar of Xom.
  7491 | D:6      | Found a glowing drain.
  7504 | Sewer    | Entered a sewer
  7575 | Sewer    | Reached skill level 5 in Stealth
  7634 | Sewer    | Reached * piety under Sif Muna
  7869 | Sewer    | Learned a level 4 spell: Summon Ice Beast
  7901 | Sewer    | Reached skill level 8 in Ice Magic
  8457 | D:6      | Noticed Menkaure
  8462 | D:6      | Killed Menkaure
  8463 | D:6      | Reached skill level 1 in Summonings
  8631 | D:6      | Gained mutation: Your spells are a little easier to cast,
                  | but a little less powerful. [potion of mutation]
  8631 | D:6      | Gained mutation: Potions are less effective at restoring
                  | your health. [potion of mutation]
  8631 | D:6      | Gained mutation: Your muscles are strong. (Str +2) [potion
                  | of mutation]
  8635 | D:6      | Reached XP level 9. HP: 11/56 MP: 13/17
  8941 | D:6      | Found a hazy altar of Hepliaklqana.
  9088 | D:6      | Reached ** piety under Sif Muna
  9183 | D:6      | Found Zirhic's Magic Scroll Shoppe.
  9812 | D:6      | Reached skill level 9 in Ice Magic
 10755 | D:7      | Reached skill level 1 in Long Blades
 10823 | D:7      | Found a staircase to the Ecumenical Temple.
 11168 | D:7      | Found an opulent altar of Gozag.
 11241 | D:7      | Reached XP level 10. HP: 56/63 MP: 19/19
 11317 | D:7      | Found a glowing golden altar of the Shining One.
 11382 | D:8      | Reached *** piety under Sif Muna
 11790 | D:8      | Reached skill level 5 in Summonings
 11918 | D:8      | Noticed a gargoyle
 11928 | D:8      | Killed a gargoyle
 11953 | D:8      | HP: 3/63 [poisoned by a soldier ant]
 11958 | D:8      | HP: 2/63 [worker ant (1)]
 12604 | D:8      | Noticed a queen ant
 12612 | D:8      | Killed a queen ant
 12613 | D:8      | Reached skill level 5 in Long Blades
 12613 | D:8      | Reached skill level 10 in Ice Magic
 12639 | D:8      | HP: 3/63 [poisoned by a queen ant]
 12644 | D:8      | HP: 1/63 [poisoned by a queen ant]
 12648 | D:8      | Succumbed to a queen ant's poison

Illustrated notes

Levels and vault maps discovered:
D:1:      lemuel_arrival_rhombus, layout_rooms
D:2:      layout_loops_corners, old_standard_altar, general_overflow_altar,
          lemuel_doored_altar, uniq_crazy_yiuf_cottage, uniq_sigmund
D:3:      layout_basic
D:4:      layout_rooms, overflow_temple_1_default,
          nicolae_ru_sacrificial_ziggurat, lightli_corner_chamber
D:5:      layout_layer_cave, old_standard_altar, nicolae_overflow_crystal_walls,
          gammafunk_ghost_stat_death, kennysheep_okawaru_gauntlet
D:6:      layout_loops_ring, overflow_temple_1_default,
          nicolae_overflow_hidden_temple, nzn_hepliaklqana_mist_gate,
          serial_shops, shop, portal_sewer_entry_d, xom_teletrap_fun,
          uniq_menkaure
D:7:      layout_rooms, nicolae_tso_swordbearing_angel, grunt_gozag_statues,
          temple_green, serial_undead, serial_undead_c, serial_undead_d,
          serial_undead_d, serial_undead_b, serial_undead_f, serial_undead_a,
          serial_undead_c, serial_undead_d, serial_undead_f, serial_undead_b
D:8:      layout_cave_pools, minmay_another_anthill

Skill      XL: |  1  2  3  4  5  6  7  8  9 10 |
---------------+-------------------------------+-----
Ice Magic      | 5 6 7 8 9 10 | 10.0
Throwing       | 1 |  1.0
Stealth        | 2 3 4 5 6 7 |  7.0
Dodging        | 3 4 5 6 7 8 |  8.1
Spellcasting   | 3 4 5 6 |  6.0
Summonings     | 2 4 5 |  5.9
Long Blades    | 3 5 |  5.6

Action                   |  1- 3 |  4- 6 |  7- 9 | 10-12 || total
-------------------------+-------+-------+-------+-------++-------
Melee: Club              |    23 |    22 |   110 |       ||   155
       Mace              |       |       |    98 |       ||    98
       Long sword        |       |       |    67 |    59 ||   126
Throw: Dart              |    57 |    18 |    16 |       ||    91
       Boomerang         |       |       |   140 |    20 ||   160
       Javelin           |       |       |     9 |       ||     9
 Cast: Freeze            |    32 |    40 |    41 |    13 ||   126
       Frozen Ramparts   |       |     7 |    30 |     7 ||    44
       Ozocubu's Armour  |       |     5 |     9 |     3 ||    17
       Summon Ice Beast  |       |       |    14 |     4 ||    18
 Abil: Hop               |     1 |       |     1 |     1 ||     3
Evoke: Wand              |       |       |    23 |     2 ||    25
  Use: Scroll            |       |       |     6 |       ||     6
       Potion            |       |       |     9 |     3 ||    12
 Stab: Sleeping          |       |     2 |     7 |     1 ||    10
       Paralysed         |       |       |     1 |       ||     1
Armor: Robe              |    22 |     2 |       |       ||    24
       Leather armour    |       |    11 |    95 |    13 ||   119
       Skin              |       |       |     2 |     3 ||     5
Dodge: Dodged            |    49 |    42 |   287 |    46 ||   424
Block: Other             |       |       |    59 |    17 ||    76
       Reflection        |       |       |     1 |       ||     1
       Rpst.: Long sword |       |       |    13 |    15 ||    28
